 Dungeon Crawl Stone Soup version 0.29-a0-284-gf9362112df (webtiles) character file.

Game seed: 529614022033894947

230 siradein the Skirmisher (level 5, -4/47 HPs)
             Began as a Draconian Fighter on Mar 21, 2022.
             Slain by a gnoll shaman
             ... wielding a +0 whip
              (10 damage)
             ... on level 4 of the Dungeon.
             The game lasted 00:04:39 (2467 turns).

siradein the Skirmisher (Draconian Fighter)         Turns: 2467, Time: 00:04:39

Health: -4/47      AC:  5    Str: 18    XL:     5   Next: 72%
Magic:  5/5        EV: 12    Int: 11    God:
Gold:   164        SH:  9    Dex: 10    Spells: 4/4 levels left

rFire   . . .      SeeInvis .   a - +0 flail
rCold   . . .      Faith    .   b - +0 buckler
rNeg    . . .      Spirit   .   (body armour unavailable)
rPois   .          Reflect  +   (helmet restricted)
rElec   .          Harm     .   (no cloak)
rCorr   .          Rampage  .   (no gloves)
Will    .....                   (no boots)
Stlth   +.........              o - amulet of reflection
HPRegen 0.15/turn               (no ring)
MPRegen 0.09/turn               (no ring)

@: lit by a corona, glowing
A: AC +5, unfitting armour, cold-blooded
a: no special abilities


You were on level 4 of the Dungeon.
You visited 1 branch of the dungeon, and saw 4 of its levels.

You collected 164 gold pieces.

Inventory:

Hand Weapons
 a - a +0 flail (weapon)
Missiles
 s - a throwing net (quivered)
Armour
 b - a +0 buckler (worn)
Jewellery
 o - an amulet of reflection (around neck)
Scrolls
 d - 5 scrolls of identify {unknown}
 i - a scroll of immolation {unknown}
 k - a scroll of vulnerability {unknown}
 m - a scroll of holy word {unknown}
 n - a scroll of fear {unknown}
 p - a scroll of fog {unknown}
 q - a scroll of noise {unknown}
 r - a scroll of enchant weapon {unknown}
Potions
 c - 2 potions of might
 e - a potion of curing
 f - a potion of heal wounds {unknown}
 g - 2 potions of magic {unknown}
 h - a potion of brilliance {unknown}
 j - a potion of mutation {unknown}
 l - 2 potions of attraction {unknown}


   Skills:
 + Level 4.5 Fighting
 + Level 3.4 Maces & Flails
 + Level 3.8 Dodging
 + Level 4.1 Shields


You had 4 spell levels left.
You didn't know any spells.
Your spell library was empty.

Dungeon Overview and Level Annotations

Branches:
Dungeon (4/15)
 Temple: D:4-7

Altars:

Annotations:
D:2 Sigmund


Innate Abilities, Weirdness & Mutations

Your plain brown scales are hard. (AC +5)
You cannot fit into any form of body armour.
You are cold-blooded and may be slowed by cold attacks.


Message History

The gnoll shaman mumbles some strange prayers to its god.
The gnoll shaman is healed somewhat.
You hit the gnoll shaman but do no damage.
The gnoll shaman is severely wounded.
The gnoll shaman hits you but does no damage.
You hit the gnoll shaman but do no damage.
The gnoll shaman is severely wounded.
The gnoll shaman barely misses you.
You barely miss the gnoll shaman.
You tail-slap the gnoll shaman, but do no damage.
The gnoll shaman is severely wounded.
You block the gnoll shaman's attack. x2
You hit the gnoll shaman.
The gnoll shaman is almost dead.
The gnoll shaman hits you with a +0 whip.
* * * LOW HITPOINT WARNING * * *
You barely miss the gnoll shaman.
The gnoll shaman is almost dead.
The gnoll shaman hits you with a +0 whip!
* * * LOW HITPOINT WARNING * * *
You closely miss the gnoll shaman.
You tail-slap the gnoll shaman, but do no damage.
The gnoll shaman is almost dead.
You block the gnoll shaman's attack.
The gnoll shaman prays to its god.
The gnoll shaman is healed somewhat.
It was a potion of curing.
You feel better. You block the gnoll shaman's attack.
You barely miss the gnoll shaman.
The gnoll shaman is heavily wounded.
The gnoll shaman hits you with a +0 whip.
* * * LOW HITPOINT WARNING * * *
You closely miss the gnoll shaman.
The gnoll shaman is heavily wounded.
The gnoll shaman hits you with a +0 whip.
* * * LOW HITPOINT WARNING * * *
You closely miss the gnoll shaman.
The gnoll shaman is heavily wounded.
The gnoll shaman hits you with a +0 whip!
You die...

.........##.........#
.....#..##.##......#
####.#..##.##.>....#
#..........##.....
###.######## .##.#
#.# .# .# #.### #...#
###@# . #g#######g...
#gg..ggS.....
#############


You could see a gnoll shaman and 2 gnolls.

Vanquished Creatures
  A phantom (D:3)
  A hound (D:4)
  5 adders
  A gnoll (D:4)
  A dart slug (D:1)
  6 orcs
  4 bats
  An endoplasm (D:1)
  2 giant cockroaches
  8 goblins
  4 hobgoblins
  9 jackals
  5 quokkas
  5 ball pythons
  5 frilled lizards
  A kobold (D:2)
  7 rats
66 creatures vanquished.

Notes
Turn   | Place    | Note
-------+----------+-------------------------------------------
     0 | D:1      | siradein the Draconian Fighter began the quest for the Orb.
     0 | D:1      | Reached XP level 1. HP: 19/19 MP: 1/1
   174 | D:1      | Reached XP level 2. HP: 26/26 MP: 2/2
   197 | D:1      | You fall into a shaft and drop 1 floor!
   703 | D:2      | Noticed Sigmund
   728 | D:2      | Reached XP level 3. HP: 33/33 MP: 3/3
  1248 | D:3      | Reached XP level 4. HP: 36/40 MP: 4/4
  2136 | D:4      | Noticed a phantom
  2154 | D:3      | Killed a phantom
  2155 | D:3      | Reached XP level 5. HP: 28/47 MP: 5/5
  2467 | D:4      | Slain by a gnoll shaman

Illustrated notes

Levels and vault maps discovered:
D:1:      lightli_arrival_chessboard, layout_basic, minivault_23
D:2:      layout_basic, nicolae_ecumenical_lake_church, serial_glass,
          glass_columns_c, glass_columns_c, uniq_sigmund, uniq_jessica
D:3:      layout_basic, st_stairs_14
D:4:      layout_loops_cross, minmay_temple_entry_water_ring,
          ebering_ghost_reflecting_pool, hangedman_abyss_or_decor_lesser_grid,
          uniq_eustachio

Skill      XL: |  1  2  3  4  5 |
---------------+----------------+-----
Dodging        | 3 |  3.8
Fighting       | 4 |  4.5
Maces & Flails | 3 |  3.4
Shields        | 4 |  4.1

Action                   |  1- 3 |  4- 6 || total
-------------------------+-------+-------++-------
Melee: Flail             |   133 |   109 ||   242
       Tailslap          |     8 |    14 ||    22
  Use: Potion            |       |     1 ||     1
 Stab: Sleeping          |     1 |       ||     1
Armor: Skin              |    45 |    33 ||    78
Dodge: Dodged            |    85 |    74 ||   159
Block: Buckler           |    32 |    40 ||    72

Table legend: (Time is in decaauts)
 A = Elapsed time spent in this place.
 B = Non-inter-level travel time spent in this place.
 C = Inter-level travel time spent in this place.
 D = Time resting spent in this place.
 E = Time spent auto-exploring this place.
 F = Levels seen in this place.
 G = Mean time per level.
                   A        B        C        D        E       F      G
               +--------+--------+--------+--------+--------+-----+--------+
         Total |   2544 |   2496 |     48 |    398 |   1479 |   4 |  636.0 |
       Dungeon |   2544 |   2496 |     48 |    398 |   1479 |   4 |  636.0 |
               +--------+--------+--------+--------+--------+-----+--------+

Top non-repeatable levels by time:
     D:3: 1360 daAuts
     D:1: 686 daAuts
     D:2: 309 daAuts
     D:4: 188 daAuts
